 Dungeon Crawl Stone Soup version 0.29-a0-551-gffc1d7fb78 (webtiles) character file.

Game seed: 8307390216688729927

353 vulpzor the Slasher (level 6, -6/41 (51) HPs)
             Began as a Palentonga Fighter on June 5, 2022.
             Was a Follower of Uskayaw.
             Mangled by Edmund
             ... wielding a +2 flail of draining
              (11 damage)
             ... on level 4 of the Dungeon.
             The game lasted 00:20:22 (3688 turns).

vulpzor the Slasher (Palentonga Fighter)            Turns: 3688, Time: 00:20:22

HP:   -6/41 (51)    AC:  8    Str: 28    XL:     6   Next: 35%
MP:   6/6           EV:  8    Int:  8    God:    Uskayaw [*.....]
Gold: 174           SH:  4    Dex:  9    Spells: 5/5 levels left

rFire   . . .      SeeInvis +   q - +1 long sword (holy)
rCold   . . .      Faith    .   c - +0 buckler
rNeg    . . .      Spirit   .   b - +0 scale mail
rPois   .          Reflect  .   s - +0 helmet
rElec   .          Harm     .   (no cloak)
rCorr   .          Rampage  .   (no gloves)
Will    .....                   (no barding)
Stlth   ..........              (no amulet)
HPRegen 0.13/turn               j - +6 ring of strength
MPRegen 0.10/turn               (no ring)

@: about to teleport, heavily drained
A: large, rugged brown scales 3, see invisible, deformed body, roll 1, armoured
tail
a: Rolling Charge, Renounce Religion, Stomp


You were on level 4 of the Dungeon.
You worshipped Uskayaw.
Uskayaw was noncommittal.
You visited 1 branch of the dungeon, and saw 4 of its levels.

You collected 174 gold pieces.

Inventory:

Hand Weapons
 a - a +1 long sword
 e - a +0 hunting sling
 g - the +6 fustibalus "Erghec" {venom, rPois rN+}
   (You found it on level 3 of the Dungeon)

   Any ammunition fired from it poisons the flesh of those it strikes.
   rPois:     It protects you from poison.
   rN:        It protects you from negative energy.
 k - a +0 hand axe of electrocution
 q - a +1 long sword of holy wrath (weapon)
Missiles
 p - 7 poisoned darts
Armour
 b - a +0 scale mail (worn)
 c - a +0 buckler (worn)
 s - a +0 helmet (worn)
Magical Staves
 f - a staff of poison
Jewellery
 j - a +6 ring of strength (left hand)
Wands
 d - a wand of digging (4)
Scrolls
 h - a scroll of teleportation
 l - a scroll of vulnerability {unknown}
 m - a scroll of immolation
 o - a scroll of brand weapon {unknown}
 r - a scroll of silence {unknown}
Potions
 i - 2 potions of haste {unknown}
 n - 2 potions of attraction {unknown}


   Skills:
 + Level 3.8 Fighting
 + Level 4.4 Long Blades
 + Level 3.6 Armour
 + Level 1.0 Dodging
 + Level 0.2 Stealth
 + Level 3.5 Shields


You had 5 spell levels left.
You didn't know any spells.
Your spell library contained the following spells:

 Spells                   Type           Power      Damage    Failure   Level
 Magic Dart               Conj           0%         1d3       75%         1
 Call Imp                 Summ           0%         N/A       86%         2
 Mephitic Cloud           Conj/Pois/Air  0%         N/A       98%         3
 Tukima's Dance           Hex            0%         N/A       98%         3
 Passage of Golubria      Tloc           0%         N/A       100%        4
 Silence                  Hex/Air        0%         N/A       100%        5
 Yara's Violent Unravell  Hex/Tmut       0%         3d3       100%        5
 Lehudib's Crystal Spear  Conj/Erth      0%         10d2      100%        8


Dungeon Overview and Level Annotations

Branches:
Dungeon (4/15)
 Temple: D:4-7

Altars:
Uskayaw

Annotations:
D:4 Edmund


Innate Abilities, Weirdness & Mutations

You are completely covered in rugged brown scales. (AC +3, +7% HP)
You have supernaturally acute eyesight. (SInv)
Armour fits poorly on your strangely shaped body.
You can roll at nearby foes to attack.
You have a long armoured tail.


Message History

You see here a +0 club.
Edmund the Younger comes into view.
He is wielding a +2 flail of draining and carrying a wand of digging (3).
You see here a scroll labelled TOLEON QYOMEEM.
Okay, then.
There's nothing you can charge at!
Roll where?
Press: ? - help, Dir - move target, f - Edmund
Aim: Edmund, wielding a +2 flail of draining, wearing a +0 scale mail and carrying a wand of digging (3)
You roll forward with a clatter of scales!
You hit Edmund.
Edmund is lightly wounded.
You hear a shout! x2
Edmund hits you with a +2 flail of draining.
You feel drained.
You hit Edmund.
Edmund is moderately wounded.
Edmund hits you with a +2 flail of draining.
You feel drained.
You hit Edmund but do no damage.
Edmund is moderately wounded.
Edmund hits you with a +2 flail of draining!
You feel drained.
You barely miss Edmund.
Edmund is moderately wounded.
Edmund hits you with a +2 flail of draining.
You feel drained.
A dart slug comes into view.
Edmund says, "I'm quite good with sums, too."
Edmund hits you with a +2 flail of draining.
You feel drained.
You hit Edmund but do no damage.
Edmund is moderately wounded.
Edmund hits you with a +2 flail of draining!
* * * LOW HITPOINT WARNING * * *
You feel drained.
* * * LOW HITPOINT WARNING * * *
As you read the scroll of teleportation, it crumbles to dust.
You feel strangely unstable.
Edmund hits you with a +2 flail of draining!
You die...

#..#.#..# #. #..#(#..#
##.## #.....### #...#
####.##≈≈ #...#
####.....#≈. #...#
#.......##≈.
..###$..#####.##.##..'.⌠
#........)..#.##.##..#≈.
.w....@@.............#≈.
#.........?.#.##.##..#≈§
####....#####........###
##...# ###......#...
#..........#.##.##.#
#...#####..#.##.##.#
##..### #..#.......#
#..... #..#.##.#### #.
#.##..#.##.####


You could see Edmund and a dart slug.

Vanquished Creatures
  Sigmund (D:2)
  The ghost of swifteh the Vandal, a weakling MiHu (D:3)
  A hound (D:3)
  Natasha (D:3)
  2 adders
  A worm (D:3)
  A dart slug (D:2)
  An orc (D:4)
  8 ball pythons
  7 endoplasms
  2 giant cockroaches
  3 goblins
  5 hobgoblins
  8 jackals
  6 quokkas
  5 bats
  A frilled lizard (D:2)
  3 kobolds
  5 rats
62 creatures vanquished.

Notes
Turn   | Place    | Note
-------+----------+-------------------------------------------
     0 | D:1      | vulpzor the Palentonga Fighter began the quest for the Orb.
     0 | D:1      | Reached XP level 1. HP: 19/19 MP: 1/1
   134 | D:1      | Found a faded altar of an unknown god.
   146 | D:1      | Prayed at the altar of an unknown god.
   146 | D:1      | Became a worshipper of Uskayaw the Reveller
   146 | D:1      | Reached * piety under Uskayaw
   253 | D:1      | Reached ** piety under Uskayaw
   254 | D:1      | Reached XP level 2. HP: 19/25 MP: 2/2
   257 | D:1      | Reached *** piety under Uskayaw
   260 | D:1      | Reached **** piety under Uskayaw
   654 | D:1      | Reached XP level 3. HP: 13/31 MP: 3/3
  1737 | D:2      | Noticed Sigmund
  1756 | D:2      | Killed Sigmund
  1757 | D:2      | Reached skill level 3 in Long Blades
  1757 | D:2      | Reached XP level 4. HP: 19/39 MP: 4/4
  1757 | D:2      | Reached XP level 5. HP: 21/44 MP: 5/5
  2637 | D:3      | Found a runed translucent door.
  2649 | D:3      | Noticed swifteh's ghost (weakling MiHu)
  2670 | D:3      | Killed swifteh's ghost
  2671 | D:3      | Reached skill level 4 in Long Blades
  2671 | D:3      | Reached XP level 6. HP: 25/51 MP: 6/6
  2681 | D:3      | Reached skill level 1 in Dodging
  2682 | D:3      | Identified the +6 fustibalus "Erghec" {venom, rPois rN+}
  3245 | D:3      | Noticed Natasha
  3253 | D:3      | Killed Natasha
  3678 | D:4      | Noticed Edmund
  3688 | D:4      | Mangled by Edmund

Illustrated notes

Levels and vault maps discovered:
D:1:      shiori_shiawase, layout_basic, shapermc_ecumenical_altar_notcrosses,
          serial_aquarium, aquarium_bridge_long_separate
          [aquarium_subvault_bridge, aquarium_subvault_wall,
          aquarium_subvault_bridge, aquarium_subvault_bridge,
          aquarium_subvault_wall, aquarium_subvault_wall],
          aquarium_bridge_straight [aquarium_subvault_bridge,
          aquarium_subvault_window, aquarium_subvault_bridge,
          aquarium_subvault_window], aquarium_window_1, aquarium_window_corner,
          aquarium_view_2d, aquarium_view_2d, minmay_3d_cube
D:2:      layout_loops_ring, roderic_roman_lattice, uniq_sigmund
D:3:      layout_loops_corners, ebering_ghost_inner_flame, chequers_jeans,
          uniq_natasha
D:4:      layout_loops_cross, kennysheep_generic_room_10, uniq_eustachio,
          uniq_pikel, uniq_edmund

Skill      XL: |  1  2  3  4  5  6 |
---------------+-------------------+-----
Shields        | 3 |  3.5
Long Blades    | 3 4 |  4.4
Armour         | 3 |  3.6
Dodging        | 1 |  1.0
Fighting       | |  3.8
Stealth        | |  0.2

Action                   |  1- 3 |  4- 6 || total
-------------------------+-------+-------++-------
Melee: Long sword        |    97 |    91 ||   188
       Tailslap          |    10 |    12 ||    22
       Hand axe          |     2 |       ||     2
 Abil: Rolling Charge    |     4 |     2 ||     6
  Use: Scroll            |     3 |     1 ||     4
       Potion            |     2 |     1 ||     3
 Stab: Paralysed         |       |     1 ||     1
Armor: Scale mail        |    79 |    39 ||   118
Dodge: Dodged            |    61 |    32 ||    93
Block: Buckler           |    27 |    19 ||    46

Table legend: (Time is in decaauts)
 A = Elapsed time spent in this place.
 B = Non-inter-level travel time spent in this place.
 C = Inter-level travel time spent in this place.
 D = Time resting spent in this place.
 E = Time spent auto-exploring this place.
 F = Levels seen in this place.
 G = Mean time per level.
                   A        B        C        D        E       F      G
               +--------+--------+--------+--------+--------+-----+--------+
         Total |   3745 |   3745 |      0 |    320 |   1562 |   4 |  936.2 |
       Dungeon |   3745 |   3745 |      0 |    320 |   1562 |   4 |  936.2 |
               +--------+--------+--------+--------+--------+-----+--------+

Top non-repeatable levels by time:
     D:1: 1515 daAuts
     D:3: 1087 daAuts
     D:2: 1019 daAuts
     D:4: 123 daAuts
